 Dungeon Crawl Stone Soup version 0.29-a0-1043-g569b05d6ff (webtiles) character file.

Game seed: 13597605860836079535

58482 siradein the Pandemonic (level 14, 0/125 (127) HPs)
             Began as a Demonspawn Monk on Aug 15, 2022.
             Was a High Priest of Makhleb.
             Slain by a meliai
             ... wielding a +0 hand axe
              (2 damage)
             ... on level 13 of the Dungeon.
             The game lasted 00:58:20 (26982 turns).

siradein the Pandemonic (Demonspawn Monk)          Turns: 26982, Time: 00:58:22

HP:   0/125 (127)   AC: 49    Str: 16    XL:     14   Next: 49%
MP:   0/25          EV:  9    Int: 14    God:    Makhleb [*****.]
Gold: 99            SH:  4    Dex: 17    Spells: 13/13 levels left

rFire   . . .      SeeInvis .     - Unarmed
rCold   . . .      Faith    .   L - orb {light}
rNeg    . . .      Spirit   +   N - +2 crystal plate armour
rPois   .          Reflect  .   p - +2 helmet {Int+3}
rElec   .          Harm     .   r - +2 cloak
rCorr   .          Rampage  .   (no gloves)
Will    ++...                   t - +0 pair of boots
Stlth   ..........              K - amulet of guardian spirit
HPRegen 0.30/turn               v - +4 ring of evasion
MPRegen 0.19/turn               C - ring of the Thistle {Will+ AC+4}

@: lethally poisoned (0 -> -7), sanguine armoured, glowing, lightly drained
A: icemail 1, powered by pain 1, sanguine armour 3, condensation shield,
corrupting presence 1, demonic touch 2, robust 1
a: Renounce Religion, Minor Destruction, Lesser Servant of Makhleb, Major
Destruction, Greater Servant of Makhleb


You were on level 13 of the Dungeon.
You worshipped Makhleb.
Makhleb was extremely pleased with you.
You visited 3 branches of the dungeon, and saw 21 of its levels.

You collected 1205 gold pieces.
You spent 1106 gold pieces at shops.

Inventory:

Armour
 p - a +2 helmet of intelligence (worn)
 r - a +2 cloak (worn)
 t - a +0 pair of boots (worn)
 L - an orb of light (worn)
 N - a +2 crystal plate armour (worn)
Jewellery
 e - a ring of protection from cold
 i - a ring of willpower
 v - a +4 ring of evasion (left hand)
 C - the ring of the Thistle (right hand) {Will+ AC+4}
   (You found it on level 1 of the Lair of Beasts)

   [ring of protection]

   AC:        It affects your AC (+4).
   Will:      It increases your willpower.
 I - a ring of wizardry
 K - an amulet of guardian spirit (around neck)
Wands
 k - a wand of quicksilver (39)
 A - a wand of flame (37)
 D - a wand of mindburst (6)
 G - a wand of roots (9)
 H - a wand of paralysis (4)
Scrolls
 a - a scroll of amnesia
 d - 9 scrolls of identify
 j - 7 scrolls of teleportation
 l - 3 scrolls of vulnerability
 s - 2 scrolls of enchant weapon
 u - a scroll of fear
 w - 2 scrolls of fog
 y - a scroll of poison
 E - 5 scrolls of immolation
Potions
 b - 4 potions of ambrosia
 c - 5 potions of mutation
 g - 12 potions of curing
 m - a potion of resistance
 n - 5 potions of lignification
 o - a potion of heal wounds
 q - 4 potions of brilliance
 z - 2 potions of invisibility
 B - a potion of might
 F - a potion of berserk rage
Miscellaneous
 x - a box of beasts
 J - a tin of tremorstones (2/2)


   Skills:
 + Level 12.9 Fighting
 + Level 8.7 Armour
 - Level 12.3 Dodging
 - Level 1.7 Stealth
 + Level 11.9 Unarmed Combat
 + Level 15.1 Invocations
 + Level 7.4 Evocations


You had 13 spell levels left.
You didn't know any spells.
Your spell library contained the following spells:

 Spells                   Type           Power      Damage    Failure   Level
 Foxfire                  Conj/Fire      0%         2x1d4     100%        1
 Summon Small Mammal      Summ           0%         N/A       100%        1
 Conjure Flame            Conj/Fire      0%         6-21      100%        3
 Frozen Ramparts          Ice            0%         1d1       100%        3
 Inner Flame              Hex/Fire       0%         N/A       100%        3
 Portal Projectile        Hex/Tloc       0%         N/A       100%        3
 Tukima's Dance           Hex            0%         N/A       100%        3
 Airstrike                Air            0%         2d(0-16)  100%        4
 Anguish                  Hex/Necr       0%         N/A       100%        4
 Flame Wave               Conj/Fire      0%         2d4       100%        4
 Ice Form                 Ice/Tmut       0%         N/A       100%        4
 Leda's Liquefaction      Hex/Erth       0%         N/A       100%        4
 Summon Ice Beast         Ice/Summ       0%         N/A       100%        4
 Summon Lightning Spire   Summ/Air       0%         N/A       100%        4
 Blade Hands              Tmut           0%         N/A       100%        5
 Lee's Rapid Deconstruct  Erth           0%         3d5*      100%        5
 Lightning Bolt           Conj/Air       0%         1d11      100%        5
 Statue Form              Tmut/Erth      0%         N/A       100%        6
 Enfeeble                 Hex            0%         N/A       100%        7


Dungeon Overview and Level Annotations

Branches:
Dungeon (15/15)            Temple (1/1) D:4            Lair (5/5) D:8
  Swamp (0/4) Lair:3       Spider (0/4) Lair:2        Slime (0/5) Lair:5
    Orc (0/2) D:12         Depths (0/4) D:15
 Vaults: D:13-14

Altars:
Ashenzari
Cheibriados
Dithmenos
Fedhas
Gozag
Hepliaklqana
Kikubaaqudgha
Makhleb
Nemelex Xobeh
Okawaru
Qazlal
Ru
Sif Muna
Trog
Uskayaw
Vehumet
Wu Jian
Xom
Yredelemnul
Jiyva

Shops:
D:2 =   D:3 !(:*(   D:5 [   D:8 *   D:10 (*   D:11 *


Innate Abilities, Weirdness & Mutations

A meltable icy envelope protects you from harm. (AC +4)
You sometimes gain a little power by taking damage.
When seriously injured, your blood forms very thick armour. (AC +12)
A meltable shield of frost defends you. (SH +4)
Your presence sometimes corrodes those you injure.
Your touch may inflict irresistible damage on your foes.
You are robust. (+10% HP)


Message History

The meliai stings you but does no damage.
The meliai mumbles some strange prayers to its god against you.
Something smites you!
* * * LOW HITPOINT WARNING * * *
The meliai calls down the wrath of its god upon you.
Something smites you!
* * * LOW HITPOINT WARNING * * *
You focus on the pain.
You feel your power returning.
You feel much better.
You feel very sick. The meliai hits you with a +0 hand axe.
* * * LOW HITPOINT WARNING * * *
You block the meliai's attack. The meliai hits you but does no damage.
You block the meliai's attack. The meliai hits you but does no damage.
The meliai completely misses you. The meliai hits you but does no damage.
The meliai stings you but does no damage.
The meliai hits you but does no damage.
The meliai stings you but does no damage.
The meliai barely misses you.
The meliai stings you but does no damage.
The meliai attacks as you move away! The meliai hits you but does no damage.
You block the meliai's attack.
You feel very sick. The meliai hits you but does no damage.
The meliai barely misses you.
The meliai mumbles some strange prayers to its god against you.
Something smites you!
* * * LOW HITPOINT WARNING * * *
The meliai hits you but does no damage.
The meliai stings you but does no damage.
The meliai hits you but does no damage.
The meliai stings you but does no damage.
The meliai barely misses you. You block the meliai's attack.
The meliai attacks as you move away! The meliai barely misses you.
The meliai stings you but does no damage.
You feel sick. The meliai hits you with a +0 war axe!
* * * LOW HITPOINT WARNING * * *
The meliai stings you!
* * * LOW HITPOINT WARNING * * *
The meliai hits you with a +0 hand axe.
You die...

*,,,,,,,* **,,,,,*,
*,,,,,,,***,,*****,
*,,,,,,,**,,**,,,,,
*,,,,,,,+,,****,***
*,,,,,,,**** *,**
#******+** *,,*
#.,,,,,,* **,*
##.######## *,*
#...@y....# ***+**
#...yy....# *,,,,,
#..!.y....# *,,,,.
#.........# *,,,..
#.........# *,,...
#.........# *,....
#.........# ####.....
#.........###.['.....
#............y##.....


You could see 4 meliai.

Vanquished Creatures
  Gastronok (D:8)
  5 hydras
  A boulder beetle (Lair:3)
  3 two-headed ogres
  12 death yaks
  Sonja (D:12)
  5 skeletal warriors (D:11)
  Pikel (D:4)
  A bog body (Lair:3)
  An orc knight (D:10)
  An oklob plant (Lair:2)
  4 centaur zombies (D:11)
  17 elephants (Lair:3)
  3 black mambas
  An orange demon (D:8)
  Psyche (D:6)
  10 cane toads
  2 rime drakes
  A freezing wraith (D:8)
  7 komodo dragons
  7 polar bears
  5 hornets (Lair:5)
  3 trolls
  A dream sheep (Lair:5)
  5 blink frogs (Lair:2)
  6 slime creatures
  3 shadows (D:11)
  2 wraiths (D:11)
  13 spriggans (Lair:5)
  9 wyverns
  A vampire (D:11)
  34 yaks
  5 basilisks
  2 wargs (D:12)
  An acid dragon (D:11)
  20 water moccasins
  6 black bears
  7 orc warriors
  2 ice beasts
  4 boggarts (Lair:5)
  An ogre (D:5)
  22 wolves
  2 centaurs (D:9)
  A phantom (D:6)
  4 lemures (D:5)
  A kobold brigand (D:7)
  2 necrophages
  8 bullfrogs
  A gnoll sergeant (D:11)
  8 scorpions
  7 wights
  5 killer bees (D:8)
  6 howler monkeys
  An electric eel (Lair:2)
  A crimson imp (D:4)
  3 hounds
  3 orc priests
  4 iguanas
  16 orc wizards
  Robin (D:3)
  A howler monkey zombie (D:11)
  8 gnolls
  9 adders
  A white imp (D:4)
  4 worms
  2 dart slugs
  38 orcs
  4 bats
  11 endoplasms
  6 giant cockroaches
  18 goblins
  8 hobgoblins
  9 jackals
  4 quokkas
  4 ball pythons
  5 frilled lizards
  9 kobolds
  A rat (D:1)
453 creatures vanquished.

Vanquished Creatures (collateral kills)
  Amaemon (D:8)
  A deep troll (D:10)
  2 trolls (D:10)
  A water moccasin (D:8)
5 creatures vanquished.

Vanquished Creatures (others)
  An orc (D:9)
  28 fungi
  35 plants
  2 toadstools (D:5)
66 creatures vanquished.

Grand Total: 524 creatures vanquished

Notes
Turn   | Place    | Note
-------+----------+-------------------------------------------
     0 | D:1      | siradein the Demonspawn Monk began the quest for the Orb.
     0 | D:1      | Reached XP level 1. HP: 18/18 MP: 1/1
   271 | D:1      | Gained mutation: Your touch may inflict minor irresistible
                  | damage on your foes. [demonic ancestry]
   271 | D:1      | Reached XP level 2. HP: 16/24 MP: 2/2
   728 | D:1      | Found a faded altar of an unknown god.
   736 | D:1      | Got Plato's Quarto of the Congregation
   870 | D:2      | Reached XP level 3. HP: 29/29 MP: 3/3
  1351 | D:2      | Gained mutation: When seriously injured, your blood forms
                  | armour. (AC +12) [demonic ancestry]
  1351 | D:2      | Reached XP level 4. HP: 28/37 MP: 4/4
  1501 | D:2      | Found Wugyfionk's Jewellery Shop.
  1817 | D:3      | Found Ebyhaga's Weapon Shoppe.
  1865 | D:3      | Found Jepp's General Store.
  2213 | D:3      | Bought a potion of degeneration for 10 gold pieces
  2271 | D:3      | Found Tajankuad's Weapon Shoppe.
  2295 | D:3      | Noticed Robin
  2308 | D:3      | Killed Robin
  2680 | D:3      | Gained mutation: A meltable shield of frost defends you.
                  | (SH +4) [demonic ancestry]
  2680 | D:3      | Reached XP level 5. HP: 42/43 MP: 5/5
  2731 | D:3      | Found Ecebabio's Distillery.
  2737 | D:3      | Bought a potion of curing for 33 gold pieces
  2909 | D:3      | Found Detysoh's Book Emporium.
  3080 | D:4      | Found a hazy altar of Hepliaklqana.
  3112 | D:4      | Noticed a black bear
  3138 | D:4      | Killed a black bear
  3139 | D:4      | Reached skill level 5 in Fighting
  3344 | D:4      | Found a staircase to the Ecumenical Temple.
  3378 | Temple   | Entered the Ecumenical Temple
  3583 | Temple   | Became a worshipper of Makhleb the Destroyer
  3583 | Temple   | Reached * piety under Makhleb
  3583 | Temple   | Reached ** piety under Makhleb
  3649 | D:4      | Gained mutation: When seriously injured, your blood forms
                  | thick armour. (AC +12) [demonic ancestry]
  3649 | D:4      | Reached XP level 6. HP: 40/51 MP: 6/6
  3831 | D:4      | Identified the +3 mace "Suugge" {spect, +Blink Str+2
                  | Stlth-}
  4186 | D:4      | Reached skill level 1 in Invocations
  4475 | D:4      | Identified a scroll of acquirement
  4492 | D:5      | Entered Level 5 of the Dungeon
  4505 | D:5      | Reached skill level 5 in Unarmed Combat
  4505 | D:5      | Reached skill level 2 in Invocations
  4779 | D:5      | Reached skill level 3 in Invocations
  4779 | D:5      | Reached XP level 7. HP: 40/57 MP: 7/9
  5330 | D:5      | Found Foyfeok's Armour Shoppe.
  5391 | D:5      | Noticed Pikel
  5703 | D:5      | Reached skill level 4 in Invocations
  6948 | D:6      | Reached skill level 5 in Invocations
  6948 | D:6      | Gained mutation: A meltable icy envelope protects you from
                  | harm. (AC +4) [demonic ancestry]
  6948 | D:6      | Reached XP level 8. HP: 37/65 MP: 11/11
  7120 | D:6      | Found an opulent altar of Gozag.
  7155 | D:6      | Found a shimmering blue altar of Sif Muna.
  7263 | D:6      | Found a bloodstained altar of Trog.
  7721 | D:6      | Reached skill level 6 in Invocations
  8188 | D:7      | Acquired a manual of Dodging
  8337 | D:7      | Reached skill level 7 in Invocations
  8495 | D:7      | Reached skill level 1 in Armour
  8804 | D:7      | Gained mutation: Your presence sometimes corrodes those you
                  | injure. [demonic ancestry]
  8804 | D:7      | Reached XP level 9. HP: 73/73 MP: 14/14
  8807 | D:7      | Noticed a two-headed ogre
  8824 | D:7      | Killed a two-headed ogre
  9163 | D:7      | Found a broken altar of Ashenzari.
  9191 | D:7      | Found a sacrificial altar of Ru.
  9417 | D:8      | Reached skill level 8 in Invocations
  9437 | D:8      | Noticed Psyche
  9773 | D:4      | Killed Pikel
  9774 | D:4      | Reached skill level 5 in Dodging
  9846 | D:4      | Found a hazy altar of Hepliaklqana.
  9874 | D:4      | Found a staircase to the Ecumenical Temple.
 10520 | D:6      | Killed Psyche
 10891 | D:8      | Reached XP level 10. HP: 60/82 MP: 16/16
 11007 | D:8      | Found a staircase to the Lair.
 11050 | D:8      | Reached skill level 9 in Invocations
 11083 | D:8      | Noticed an orange demon
 11125 | D:8      | Killed an orange demon
 11125 | D:8      | Reached *** piety under Makhleb
 12203 | D:8      | Noticed Amaemon
 12225 | D:8      | Killed Amaemon
 12342 | D:8      | Noticed Gastronok
 12395 | D:8      | Killed Gastronok
 12396 | D:8      | Reached skill level 5 in Armour
 12396 | D:8      | Reached skill level 10 in Invocations
 12422 | D:8      | Found Neetocsy's Changing Room.
 13057 | D:9      | Reached XP level 11. HP: 89/89 MP: 18/18
 13672 | D:9      | Found a snail-covered altar of Cheibriados.
 13672 | D:9      | Found a shimmering altar of Xom.
 13789 | D:9      | Found a faded altar of an unknown god.
 13791 | D:9      | Found a faded altar of an unknown god.
 13793 | D:9      | Found a stormy altar of Qazlal.
 13843 | D:10     | Entered Level 10 of the Dungeon
 13843 | D:10     | Noticed an orc knight
 13999 | D:10     | Found Qulonwie's Antique Weapon Emporium.
 14132 | D:10     | Killed an orc knight
 14204 | D:10     | Found an iron altar of Okawaru.
 14287 | D:10     | Found Moza's General Store.
 14295 | D:10     | Bought a scroll of identify for 28 gold pieces
 14442 | D:10     | Reached skill level 10 in Fighting
 14442 | D:10     | Reached skill level 11 in Invocations
 14556 | D:10     | Noticed a deep troll
 14569 | D:10     | HP: 4/90 [deep troll (6)]
 14575 | D:10     | Killed a deep troll
 15530 | D:3      | Bought a scroll of enchant armour for 75 gold pieces
 15901 | D:11     | Noticed a skeletal warrior
 15901 | D:11     | Noticed a skeletal warrior
 15901 | D:11     | Noticed a skeletal warrior
 15901 | D:11     | Noticed a skeletal warrior
 15901 | D:11     | Noticed a skeletal warrior
 16583 | Lair:1   | Entered Level 1 of the Lair of Beasts
 16595 | Lair:1   | Noticed a seven-headed hydra
 16608 | Lair:1   | Killed a seven-headed hydra
 16872 | Lair:1   | Identified the ring of the Thistle {Will+ AC+4}
 17059 | Lair:1   | Reached **** piety under Makhleb
 17060 | Lair:1   | Reached skill level 10 in Dodging
 17240 | Lair:1   | Gained mutation: You sometimes gain a little power by
                  | taking damage. [demonic ancestry]
 17240 | Lair:1   | Reached XP level 12. HP: 98/98 MP: 20/20
 17688 | Lair:2   | Found a hole to the Spider Nest.
 17719 | Lair:2   | Reached skill level 12 in Invocations
 18267 | Lair:2   | Reached skill level 1 in Evocations
 18324 | Lair:2   | Reached skill level 10 in Unarmed Combat
 18390 | Lair:2   | Found a shimmering altar of Xom.
 19450 | Lair:3   | Noticed a seven-headed hydra
 19764 | Lair:3   | Killed a seven-headed hydra
 20067 | Lair:3   | Found a staircase to the Swamp.
 20154 | Lair:3   | Reached skill level 13 in Invocations
 20368 | Lair:3   | Gained mutation: Your touch may inflict irresistible damage
                  | on your foes. [demonic ancestry]
 20368 | Lair:3   | Reached XP level 13. HP: 104/106 MP: 22/22
 20486 | Lair:3   | Reached ***** piety under Makhleb
 22353 | Lair:3   | Reached skill level 5 in Evocations
 22987 | Lair:5   | Entered Level 5 of the Lair of Beasts
 23246 | Lair:5   | Reached skill level 14 in Invocations
 23752 | Lair:4   | Gained mutation: Your magical capacity is low. (-10% MP)
                  | [potion of mutation]
 23752 | Lair:4   | Gained mutation: You are clumsy. (Dex -2) [potion of
                  | mutation]
 23752 | Lair:4   | Gained mutation: Your muscles are strong. (Str +4, Int/Dex
                  | -1) [potion of mutation]
 23752 | Lair:4   | Gained mutation: Your spells are a little harder to cast,
                  | but a little more powerful. [potion of mutation]
 23753 | Lair:4   | Lost mutation: Your muscles are strong. (Str +4, Int/Dex
                  | -1) [potion of mutation]
 23753 | Lair:4   | Lost mutation: Your magical capacity is low. (-10% MP)
                  | [potion of mutation]
 23753 | Lair:4   | Lost mutation: Your spells are a little harder to cast, but
                  | a little more powerful. [potion of mutation]
 23753 | Lair:4   | Gained mutation: You are robust. (+10% HP) [potion of
                  | mutation]
 23753 | Lair:4   | Lost mutation: You are clumsy. (Dex -2) [potion of
                  | mutation]
 24396 | Lair:5   | Gained mutation: When seriously injured, your blood forms
                  | very thick armour. (AC +12) [demonic ancestry]
 24396 | Lair:5   | Reached XP level 14. HP: 122/127 MP: 22/24
 24939 | Lair:5   | Found a viscous altar of Jiyva.
 24939 | Lair:5   | Found a staircase to the Slime Pits.
 25214 | D:11     | Found Qick's Pet Rocks.
 25224 | D:11     | Bought a +0 crystal plate armour for 960 gold pieces
 25568 | D:11     | Found Qick's Pet Rocks.
 26042 | D:11     | Reached skill level 15 in Invocations
 26516 | D:12     | Found a bloodstained altar of Trog.
 26566 | D:12     | Found a staircase to the Orcish Mines.
 26825 | D:12     | Noticed Sonja
 26838 | D:12     | Killed Sonja
 26884 | D:12     | You fall into a shaft and drop 3 floors!
 26884 | D:15     | Entered Level 15 of the Dungeon
 26977 | D:13     | HP: 5/125 [meliai/divine providence (5)]
 26979 | D:13     | HP: 2/125 [meliai/divine providence (12)]
 26982 | D:13     | Slain by a meliai

Illustrated notes

Levels and vault maps discovered:
D:1:      mrwooster_arrival_arrow, layout_rooms,
          shapermc_ecumenical_altar_rom_forum
D:2:      layout_basic, serial_shops, shop
D:3:      layout_loops_cross, serial_shops, nicolae_shop_bloodbath_and_beyond,
          shop, nicolae_shop_stone, shop, shop, uniq_robin
D:4:      layout_basic, nicolae_hepliaklqana_hippocampus,
          minmay_temple_entry_sparse_star, serial_curves, eino_curves_03,
          eino_curves_02, minmay_fire_ice_demons
D:5:      layout_loops_ring, serial_shops, shop, minmay_gold_behind_fungi,
          st_stairs_7, uniq_pikel
D:6:      layout_gridville, lemuel_round_altar, nicolae_overflow_crystal_walls,
          led_sif_book
D:7:      layout_loops_ring, mainiacjoe_overflow_two_lobes
D:8:      layout_basic, minmay_lair_entry_grove, nrook_campfire,
          chequers_serial_rivers_micro_c, minmay_misc_feat_nine_boxes,
          hangedman_glass_teeth, nicolae_transmutations_shop, roderic_lattice_a,
          ebering_dispersal_statue_hall, kennysheep_generic_room_3,
          uniq_gastronok, uniq_amaemon, uniq_psyche
D:9:      layout_basic, chequers_temple_overflow_minitemple, nicolae_wand_duel,
          nicolae_fountain_basement
D:10:     lemuel_troll_bridge, layout_loops_ring, okawaru_gym_becter,
          serial_shops, shop, shop, chequers_serial_rivers_large_a,
          st_stairs_12, nicolae_figureground_pulse
D:11:     layout_irregular_city, serial_undead, serial_undead_b,
          serial_undead_e, serial_undead_c, serial_undead_f, guppyfry_shop_earth
D:12:     gammafunk_boulding_lane, layout_long_grid, erik_orc_3, st_stairs_12,
          trog_ov_bears_minmay, uniq_sonja
D:13:     layout_roguey
D:14:     layout_gridville, erik_vaults_2, serial_shops, kennysheep_mini_moat
D:15:     grunt_enter_depths_hoard, layout_irregular_city
Temple:   minmay_temple_bridge_abc
Lair:1:   layout_chaotic_city, infiniplex_staircase_pool_2
Lair:2:   layout_hall_layers, nicolae_spider_entry_non_spiders,
          lemuel_oklob_altar, grunt_megastairs_3, serial_bayou_shore_a
Lair:3:   layout_loops_ring, skrybe_swamp_entry_bodies
Lair:4:   layout_gridlike, chequers_serial_rivers_room_a, beast_lair_carwin_3,
          infiniplex_staircase_pool
Lair:5:   minmay_lair_end_enchanted_forest, layout_gridlike,
          dpeg_slime_entry_enclosed

Skill      XL: |  1  2  3  4  5  6  7  8  9 10 11 12 13 14 |
---------------+-------------------------------------------+-----
Unarmed Combat | 3 4 5 6 7 8 9 10 11 | 11.9
Fighting       | 4 5 6 7 8 9 10 11 12 | 12.9
Invocations    | 3 5 7 8 10 11 13 14 15 | 15.1
Armour         | 1 3 5 6 7 8 |  8.7
Dodging        | 3 6 8 10 11 12 | 12.3
Evocations     | 3 6 7 |  7.4
Stealth        | |  1.7

Action                   |  1- 3 |  4- 6 |  7- 9 | 10-12 | 13-15 || total
-------------------------+-------+-------+-------+-------+-------++-------
Melee: Unarmed           |   105 |   160 |   360 |   818 |   918 ||  2361
       Punch             |     3 |     4 |    14 |    62 |    48 ||   131
       Touch             |    17 |    34 |    43 |   205 |   107 ||   406
Invok: Minor Destruction |       |     5 |    69 |    11 |     9 ||    94
       Lesser Servant of |       |       |       |     5 |     1 ||     6
  Use: Scroll            |       |     6 |    10 |    13 |     6 ||    35
       Potion            |       |       |     1 |     1 |     4 ||     6
 Stab: Distracted        |       |       |       |     2 |       ||     2
Armor: Scale mail        |    23 |       |       |       |       ||    23
       Plate armour      |    51 |   117 |   256 |   438 |   409 ||  1271
       Skin              |       |       |    10 |       |       ||    10
       Crystal plate arm |       |       |       |       |   188 ||   188
Dodge: Dodged            |    51 |    35 |    77 |   456 |   590 ||  1209
Block: Other             |       |    13 |    25 |   133 |    77 ||   248
       Buckler           |       |       |    43 |       |       ||    43
       Orb               |       |       |       |       |    99 ||    99

Table legend: (Time is in decaauts)
 A = Elapsed time spent in this place.
 B = Non-inter-level travel time spent in this place.
 C = Inter-level travel time spent in this place.
 D = Time resting spent in this place.
 E = Time spent auto-exploring this place.
 F = Levels seen in this place.
 G = Mean time per level.
                   A        B        C        D        E       F      G
               +--------+--------+--------+--------+--------+-----+--------+
         Total |  26637 |  24824 |   1813 |      0 |  20614 |  21 | 1268.4 |
       Dungeon |  18196 |  16878 |   1318 |      0 |  14158 |  15 | 1213.1 |
        Temple |    228 |    198 |     30 |      0 |    192 |   1 |  228.0 |
          Lair |   8212 |   7747 |    465 |      0 |   6264 |   5 | 1642.4 |
               +--------+--------+--------+--------+--------+-----+--------+

Top non-repeatable levels by time:
     D:5: 2726 daAuts
  Lair:3: 2134 daAuts
     D:8: 2129 daAuts
     D:4: 2107 daAuts
     D:7: 2101 daAuts
  Lair:2: 2064 daAuts
    D:10: 1826 daAuts
    D:11: 1721 daAuts
  Lair:5: 1524 daAuts
  Lair:4: 1483 daAuts
     D:2: 1101 daAuts
     D:9: 1072 daAuts
     D:3: 1072 daAuts
     D:6: 1034 daAuts
  Lair:1: 1005 daAuts
